 Dungeon Crawl Stone Soup version 0.30.1-11-g7821555f0a (webtiles) character file.

Game seed: 9884035352622607082

9 QueenKong the Chopper (level 2, 0/27 (29) HPs)
             Began as an Ogre Gladiator on Nov 19, 2023.
             Slain by a frilled lizard (2 damage)
             ... on level 3 of the Dungeon.
             The game lasted 00:02:01 (230 turns).

QueenKong the Chopper (Ogre Gladiator)               Turns: 230, Time: 00:02:01

HP:   0/27 (29)     AC:  3    Str: 17    XL:     2   Next: 16%
MP:   2/2           EV: 10    Int:  9    God:
Gold: 16            SH:  0    Dex: 10    Spells: 1/1 levels left

rFire   . . .        a - +0 war axe
rCold   . . .        (no shield)
rNeg    . . .        b - +0 robe
rPois   .            c - +0 hat
rElec   .            (no cloak)
rCorr   .            (gloves unavailable)
SInv    .            (boots unavailable)
Will    .....        (no amulet)
Stlth   +            (no ring)
HPRegen 0.24/turn    (no ring)
MPRegen 0.08/turn

%: no passive effects
@: weak-willed, drained
A: large, unfitting armour, tough skin 1
a: no special abilities


You were on level 3 of the Dungeon.
You visited 1 branch of the dungeon, and saw 3 of its levels.

You collected 16 gold pieces.

Inventory:

Hand Weapons
 a - a +0 war axe (weapon)
Armour
 b - a +0 robe (worn)
 c - a +0 hat (worn)
Scrolls
 g - a scroll of enchant weapon {unknown}


   Skills:
 * Level 2.9 Fighting
 * Level 3.1 Axes
 * Level 2.0 Throwing
 * Level 0.2 Armour
 * Level 2.8 Dodging
 * Level 0.1 Stealth


You had one spell level left.
You didn't know any spells.
Your spell library contained the following spells:

 Spells                   Type           Power      Damage    Failure   Level
 Poisonous Vapours        Pois/Air       0%         N/A       52%         2
 Mephitic Cloud           Conj/Pois/Air  0%         N/A       77%         3
 Freezing Cloud           Conj/Ice/Air   0%         6-21      100%        5


Dungeon Overview and Level Annotations

Branches:
Dungeon (2/15)

Altars:


Innate Abilities, Weirdness & Mutations

You are too large for most types of armour.
You have tough skin. (AC +1)


Message History

A wight comes into view.
It is wielding a +4 falchion of freezing.
A wight comes into view. It is wielding a +0 war axe.
You barely miss the phantom.
The phantom is severely damaged.
The phantom hits you.
The phantom blinks!
You blink.
A rat and a wight come into view.
The wight hits you with a +0 great sword!
The wight barely misses you. The wight hits you with a +0 war axe.
The wight hits you with a +0 war axe!
You feel drained.
The wight hits you with a +0 great sword!
* * * LOW HITPOINT WARNING * * *
The phantom barely misses you.
Unknown command.
As you read the scroll labelled FIMEQA OREZA, it crumbles to dust.
Magic quickly surges around you.
It was a scroll of vulnerability.
A sourceless malevolence fills the Dungeon... and a teleportation trap spontaneously manifests!
You are yanked towards a nearby monster!
Your surroundings suddenly seem different.
A frilled lizard comes into view.
Found 18 gold pieces.
The frilled lizard hisses angrily.
Throw: 3 throwing nets
Press: ? - help, Q - select action Shift-Dir - straight line, f - frilled lizard
Aim: a frilled lizard (38% to hit)
You throw a throwing net.
The throwing net barely misses the frilled lizard.
Throw: 2 throwing nets
Press: ? - help, Q - select action Shift-Dir - straight line, f/p - frilled lizard
Aim: a frilled lizard (38% to hit)
You throw a throwing net.
The throwing net misses the frilled lizard.
The frilled lizard barely misses you.
Throw: throwing net
Press: ? - help, Q - select action Shift-Dir - straight line, f/p - frilled lizard
Aim: a frilled lizard (38% to hit)
You throw a throwing net.
The throwing net closely misses the frilled lizard.
Unknown command.
You miss the frilled lizard. The frilled lizard bites you.
You die...

# ...... #
........ ..
..r..... #.
......... #.
....##.###
.........# #
.........#.#
...........#
(.....l@.#
####.....#
#.....#
#.$...#
#######


You could see a frilled lizard.

Vanquished Creatures
  3 endoplasms
  A goblin (D:1)
  A hobgoblin (D:1)
  A ball python (D:1)
  2 kobolds
8 creatures vanquished.

Notes
Turn   | Place    | Note
-------+----------+-------------------------------------------
     0 | D:1      | QueenKong the Ogre Gladiator began the quest for the Orb.
     0 | D:1      | Reached XP level 1. HP: 22/22 MP: 1/1
   138 | D:1      | Reached XP level 2. HP: 29/29 MP: 2/2
   205 | D:2      | You fall into a shaft and drop 1 floor!
   217 | D:3      | Noticed a phantom
   219 | D:3      | Noticed a wight
   220 | D:3      | Noticed a wight
   220 | D:3      | Noticed a wight
   225 | D:3      | Noticed a wight
   225 | D:3      | HP: 1/27 [wight/+0 great sword (8)]
   230 | D:3      | Slain by a frilled lizard

Illustrated notes

Levels and vault maps discovered:
D:1:      wander_arrival_chamber, layout_basic, minmay_pentomino_q2
D:2:      layout_basic, chequers_serial_rivers_micro_d,
          nicolae_concentric_dashed_squares_mild, uniq_robin
D:3:      layout_basic, minmay_misc_feat_ornament, uniq_ijyb, uniq_sigmund

Action                     || total
---------------------------++-------
  Melee: War axe           ||    17
  Throw: Throwing net      ||     3
         Large rock        ||     1
    Use: Scroll            ||     1
   Stab: Sleeping          ||     1
 Armour: Robe              ||     2
  Dodge: Dodged            ||    10
